 Dungeon Crawl Stone Soup version 0.25.1-2-g60ff931df9 (webtiles) character file.

Game seed: 9963100210496755530

404 Delamore the Cudgeler (level 6, 0/40 HPs)
             Began as a Gargoyle Fighter on Oct 12, 2020.
             Was a Follower of Okawaru.
             Slain by a centaur (3 damage)
             ... on level 5 of the Dungeon.
             The game lasted 00:02:43 (4038 turns).

Delamore the Cudgeler (Gargoyle Fighter)            Turns: 4038, Time: 00:02:44

Health: 0/40       AC: 11    Str: 21    XL:     6   Next: 86%
Magic:  6/6        EV:  7    Int:  9    God:    Okawaru [*.....]
Gold:   136        SH:  9    Dex:  9    Spells: 5/5 levels left

rFire    . . .     SeeInvis .   a - +0 flail
rCold    . . .     Gourm    .   c - +0 kite shield
rNeg     + . .     Faith    .   b - +0 scale mail
rPois    ∞         Spirit   .   (no helmet)
rElec    +         Reflect  .   (no cloak)
rCorr    .         Harm     .   (no gloves)
MR       .....                  (no boots)
Stlth    ..........             (no amulet)
HPRegen  0.13/turn              (no ring)
MPRegen  0.10/turn              (no ring)

@: no status effects
A: negative energy resistance 1, electricity resistance, unbreathing,
petrification resistance, rot immunity, AC +4
a: Heroism, Renounce Religion


You were on level 5 of the Dungeon.
You worshipped Okawaru.
Okawaru was aware of your devotion.
You were hungry.

You visited 1 branch of the dungeon, and saw 5 of its levels.

You collected 136 gold pieces.

Inventory:

Hand Weapons
 a - a +0 flail (weapon)
Missiles
 v - 2 javelins (quivered)
Armour
 b - a +0 scale mail (worn)
 c - a +0 kite shield (worn)
 u - a +0 chain mail
Jewellery
 t - a cursed ring of attention {unknown}
 A - an uncursed amulet of magic regeneration {unknown}
Wands
 r - a wand of flame (10)
Scrolls
 h - a scroll of blinking {unknown}
 i - 7 scrolls of teleportation {unknown}
 j - a scroll of enchant weapon {unknown}
 l - 2 scrolls of remove curse {unknown}
 m - a scroll of immolation {unknown}
 o - 6 scrolls of identify {unknown}
 s - a scroll of amnesia {unknown}
 w - a scroll of fog {unknown}
 x - a scroll of enchant armour {unknown}
 y - 2 scrolls of fear {unknown}
Potions
 d - a potion of might
 e - 3 potions of cancellation {unknown}
 g - 2 potions of haste {unknown}
 k - a potion of heal wounds {unknown}
 n - 3 potions of flight {unknown}
 p - a potion of stabbing {unknown}
 q - a potion of curing {unknown}
Comestibles
 f - 8 rations
 z - a chunk of flesh


   Skills:
 - Level 5.0 Fighting
 + Level 5.1 Maces & Flails
 - Level 3.2 Armour
 - Level 5.0 Shields


You had 5 spell levels left.
You didn't know any spells.
Your spell library contained the following spells:

 Spells                   Type           Power        Failure   Level  Hunger
 Magic Dart               Conj           #...         99%         1    ##.....
 Searing Ray              Conj           #.....       99%         2    ###....
 Dazzling Flash           Conj/Hex       #.....       100%        3    ####...
 Fulminant Prism          Conj/Hex       #.........   100%        4    #####..
 Iskenderun's Mystic Bla  Conj/Tloc      #.......     100%        4    #####..


Dungeon Overview and Level Annotations

Branches:
Dungeon (5/15)
 Temple: D:4-7

Altars:
Ashenzari
Okawaru

Shops:
D:4 }


Innate Abilities, Weirdness & Mutations

You are resistant to torment.
Your stone body is resilient. (AC +4)
You are immune to poison.
You resist negative energy. (rN+)
You are resistant to electric shocks. (rElec)
You can survive without breathing.
You are immune to petrification.
You are immune to rotting.


Message History

You hit the orc but do no damage.
The orc is heavily wounded.
The orc hits you but does no damage.
You barely miss the orc.
The orc is heavily wounded.
The orc hits you but does no damage.
You sock the orc!
You kill the orc!
Okawaru accepts your kill.
The centaur shoots an arrow.
You block the arrow.
The centaur shoots an arrow.
The arrow hits you.
* * * LOW HITPOINT WARNING * * *
The centaur unwields a +0 shortbow.
The centaur hits you but does no damage.
There is an open door, spattered with blood here.
Items here: (( )) [[ You sock the centaur!
The centaur is moderately wounded.
You block the centaur's attack. The centaur hits you.
You die...

#.... #... #...
####.. #..... #....#
#...)#######
#..)c@((...#
#....#####.# ####.#
#.# .># #.#
.#######.###########
#. #..............#
. #.......######.#
## #.......# #.#
######### #.#


You could see a centaur.

Vanquished Creatures
  A centaur (D:4)
  A bullfrog (D:5)
  A howler monkey (D:5)
  A bullfrog skeleton (D:5)
  An orc wizard (D:5)
  Jessica (D:3)
  A worker ant (D:4)
  4 adders
  3 worms
  A dart slug (D:2)
  3 leopard geckos
  10 orcs
  4 bats
  3 giant cockroaches (D:1)
  4 hobgoblins
  4 jackals (D:1)
  3 kobolds
  A quokka (D:4)
  2 ball pythons (D:1)
  6 frilled lizards
  6 goblins
  A jackal zombie (D:5)
  A quokka skeleton (D:4)
  4 rats
67 creatures vanquished.

Notes
Turn   | Place    | Note
-------+----------+-------------------------------------------
     0 | D:1      | Delamore the Gargoyle Fighter began the quest for the Orb.
     0 | D:1      | Reached XP level 1. HP: 14/14 MP: 1/1
   168 | D:1      | Reached XP level 2. HP: 19/19 MP: 2/2
   653 | D:1      | Reached XP level 3. HP: 22/24 MP: 3/3
  1200 | D:2      | Reached XP level 4. HP: 27/29 MP: 4/4
  2081 | D:3      | Noticed Jessica
  2090 | D:3      | Killed Jessica
  2090 | D:3      | Reached XP level 5. HP: 15/34 MP: 5/5
  2453 | D:3      | Found a shattered altar of Ashenzari.
  2648 | D:4      | Found Pexzicru's Gadget Boutique.
  2695 | D:4      | Found an iron altar of Okawaru.
  2707 | D:4      | Noticed a centaur
  2714 | D:4      | Became a worshipper of Warmaster Okawaru
  2725 | D:4      | HP: 1/34 [centaur (1)]
  2727 | D:4      | Killed a centaur
  3349 | D:4      | Reached XP level 6. HP: 40/40 MP: 6/6
  3674 | D:5      | Entered Level 5 of the Dungeon
  3755 | D:5      | Reached skill level 5 in Fighting
  3755 | D:5      | Reached skill level 5 in Shields
  4021 | D:5      | Reached * piety under Okawaru
  4021 | D:5      | Reached skill level 5 in Maces & Flails
  4036 | D:5      | HP: 2/40 [centaur/arrow (3)]
  4038 | D:5      | Slain by a centaur

Illustrated notes

Levels and vault maps discovered:
D:1:      shiori_arrival_oz, layout_loops_ring, minmay_misc_feat_tiny,
          patterned_corridor
D:2:      layout_rooms
D:3:      layout_basic, ashenzari_altar_1, uniq_jessica
D:4:      layout_gridville, first_ration, serial_shops, shop, okawaru_gym_becter
D:5:      layout_basic, kennysheep_mini, serial_shops, nicolae_shop_trees

Skill      XL: |  1  2  3  4  5  6 |
---------------+-------------------+-----
Fighting       | 4 5 |  5.0
Shields        | 4 5 |  5.0
Maces & Flails | 3 5 |  5.1
Armour         | |  3.2

Action                   |  1- 3 |  4- 6 || total
-------------------------+-------+-------++-------
Melee: Flail             |   148 |   198 ||   346
  Eat: Chunk             |     1 |     9 ||    10
Armor: Scale mail        |    91 |   114 ||   205
Dodge: Dodged            |    58 |    55 ||   113
Block: Kite shield       |    98 |   110 ||   208
